 Dungeon Crawl Stone Soup version 0.30.1 (webtiles) character file.

Game seed: 12495841416345685441

1113 booth the Trooper (level 8, -1/62 (67) HPs)
             Began as a Purple Draconian Earth Elementalist on July 9, 2023.
             Slain by a wight
             ... wielding a +2 morningstar of protection
              (14 damage)
             ... on level 6 of the Dungeon.
             The game lasted 00:50:44 (6687 turns).

booth the Trooper (DrEE)                            Turns: 6687, Time: 00:50:45

HP:   -1/62 (67)    AC:  9    Str: 10    XL:     8   Next: 11%
MP:   13/14         EV: 13    Int: 17    God:
Gold: 231           SH:  0    Dex: 13    Spells: 5/15 levels left

rFire   . . .        p - +1 mace (holy)
rCold   . . .        (no shield)
rNeg    . . .        (body armour unavailable)
rPois   .            (helmet restricted)
rElec   .            (no cloak)
rCorr   .            (no gloves)
SInv    .            n - +2 pair of boots {Stlth+}
Will    +....        (no amulet)
Stlth   +++          (no ring)
HPRegen 0.30/turn    (no ring)
MPRegen 0.14/turn

%: no passive effects
@: drained
A: breathe power, AC +6, unfitting armour, cold-blooded
a: Breathe Dispelling Energy


You were on level 6 of the Dungeon.
You visited 1 branch of the dungeon, and saw 6 of its levels.
You also visited: Ossuary.

You collected 231 gold pieces.

Inventory:

Hand Weapons
 e - a +0 quarterstaff
 g - a +2 whip of electrocution
 l - a +0 hand axe
 p - a +1 mace of holy wrath (weapon)
Missiles
 m - 4 boomerangs
 o - 3 poisoned darts (quivered)
Armour
 n - a +2 pair of boots of stealth (worn)
Jewellery
 c - a ring of fire
Scrolls
 d - 2 scrolls of teleportation
 h - a scroll of vulnerability
 k - 2 scrolls of immolation
 q - 3 scrolls of magic mapping
 r - a scroll of fear
 v - a scroll of poison
Potions
 a - 2 potions of magic
 f - 2 potions of curing
 i - 5 potions of mutation
 s - a potion of invisibility
 t - a potion of brilliance
 w - a potion of attraction
 x - a potion of might


   Skills:
 * Level 4.5 Fighting
 + Level 0.3 Maces & Flails
 + Level 3.4 Dodging
 + Level 3.6 Stealth
 + Level 4.4 Spellcasting
 + Level 3.4 Transmutations
 + Level 2.5 Air Magic
 + Level 4.5 Earth Magic
 + Level 2.1 Poison Magic


You had 5 spell levels left.
You knew the following spells:

 Your Spells              Type           Power      Damage    Failure   Level
a - Sandblast             Erth           38%        2d10      2%          1
b - Passwall              Tmut/Erth      14%        N/A       4%          2
c - Stone Arrow           Conj/Erth      22%        3d8       19%         3
d - Poisonous Vapours     Pois/Air       22%        N/A       9%          2
e - Cigotuvi's Dreadful   Necr/Pois/Air  18%        N/A       12%         2

Your spell library contained the following spells:

 Spells                   Type           Power      Damage    Failure   Level
 Sting                    Tmut/Pois      52%        1d5       4%          1
 Wereblood                Tmut           15%        N/A       5%          2
 Sublimation of Blood     Necr           3%         N/A       22%         2
 Vhi's Electric Charge    Tloc/Air       16%        N/A       26%         3
 Petrify                  Tmut/Erth      17%        N/A       30%         4
 Olgreb's Toxic Radiance  Pois           11%        N/A       52%         4
 Dispel Undead            Necr           3%         3d7       83%         4
 Arcjolt                  Conj/Air       4%         1d14      94%         5
 Death Channel            Necr           1%         N/A       100%        6
 Plasma Beam              Fire/Air       4%         2x1d15    100%        6
 Summon Hydra             Summ           1%         N/A       100%        7


Dungeon Overview and Level Annotations

Branches:
Dungeon (6/15)            Ossuary (visited)
 Temple: D:4-7

Altars:
Dithmenos
Hepliaklqana

Shops:
D:1 :   D:5 [

Annotations:
D:3 3 runed translucent doors, salammoniac's ghost, amateur DsHu


Innate Abilities, Weirdness & Mutations

You can breathe bolts of dispelling energy.
Your rich purple scales are hard. (AC +6)
You cannot fit into any form of body armour.
You are cold-blooded and may be slowed by cold attacks.


Message History

The wight is moderately damaged.
The wight closely misses you. The wight hits you but does no damage.
You closely miss the wight.
You tail-slap the wight, but do no damage.
The wight is moderately damaged.
The wight hits you with a +2 morningstar of protection.
You feel drained.
You hit the wight but do no damage.
The wight is moderately damaged.
The wight hits you with a +2 morningstar of protection.
The wight closely misses you.
You hit the wight but do no damage.
The wight is moderately damaged.
The wight barely misses you.
You closely miss the wight.
You tail-slap the wight, but do no damage.
The wight is moderately damaged.
The wight hits you with a +2 morningstar of protection.
You hit the wight.
The wight convulses.
You tail-slap the wight, but do no damage.
The wight is severely damaged.
The wight closely misses you. x2
You hit the wight but do no damage.
The wight is severely damaged.
The wight hits you with a +2 morningstar of protection.
You feel drained.
You completely miss the wight.
The wight is severely damaged.
The wight barely misses you.
The wight hits you with a +2 morningstar of protection!
* * * LOW HITPOINT WARNING * * *
Casting: Sandblast (safe; 2% risk of failure)
Confirm with . or Enter, or press ? or * to list all spells.
Aiming: Sandblast (safe; 2% risk of failure)
Press: ? - help, Shift-Dir - straight line, f/p - wight
Aim: a wight, wielding a +2 morningstar of protection and wearing a +0 robe (severely damaged, 82% to hit)
The blast of sand hits the wight but does no damage.
The wight is severely damaged.
The wight hits you with a +2 morningstar of protection!
You die...

.. . .. ♣ ..
#. .♣... ###.
##..... .
#...
###....$##
...#...
#......z.z
#...<..###..#
#.......@...#
##....#.z#.##
#... ####...
.... ......
..[ .........
.. ..........
. ...........
##.##......#


You could see a wight.

Vanquished Creatures
  Sigmund (D:5)
  A centaur (D:5)
  A phantom (D:4)
  A scorpion (D:4)
  3 wights (D:5)
  A centaur zombie (Ossuary)
  2 hounds (D:4)
  2 human zombies (Ossuary)
  An orc priest (D:3)
  Terence (D:3)
  Natasha (D:2)
  An iguana (D:5)
  An orc wizard (D:4)
  5 mummies (Ossuary)
  Robin (D:4)
  4 gnolls (D:2)
  8 adders
  2 shadow imps
  4 dart slugs
  2 worms
  6 orcs
  4 bats
  4 endoplasms
  7 giant cockroaches
  A gnoll zombie (Ossuary)
  8 goblins
  10 hobgoblins
  6 jackals
  7 kobolds
  2 quokkas
  14 ball pythons
  7 frilled lizards
  A goblin zombie (Ossuary)
  2 kobold zombies (Ossuary)
  An orc zombie (Ossuary)
  3 rats
126 creatures vanquished.

Notes
Turn   | Place    | Note
-------+----------+-------------------------------------------
     0 | D:1      | booth the Draconian Earth Elementalist began the quest for
                  | the Orb.
     0 | D:1      | Reached XP level 1. HP: 14/14 MP: 3/3
   149 | D:1      | Found Eqexil's Book Shop.
   273 | D:1      | Reached XP level 2. HP: 20/20 MP: 1/5
   276 | D:1      | Learned a level 2 spell: Passwall
   531 | D:1      | Found a faded altar of an unknown god.
  1132 | D:2      | Reached XP level 3. HP: 26/26 MP: 4/6
  1136 | D:2      | Learned a level 3 spell: Stone Arrow
  1600 | D:2      | Noticed Natasha
  1611 | D:2      | Killed Natasha
  1612 | D:2      | Reached XP level 4. HP: 29/34 MP: 3/7
  1772 | D:2      | Reached skill level 1 in Fighting
  2498 | D:3      | Reached XP level 5. HP: 7/41 MP: 1/8
  2656 | D:3      | Found a hazy altar of Hepliaklqana.
  2684 | D:3      | Noticed Terence
  2721 | D:3      | Identified the +0 robe of the Resonant Slorg {rElec Str-5
                  | Dex+3}
  2783 | D:3      | Learned a level 2 spell: Poisonous Vapours
  3127 | D:3      | Found a runed translucent gate.
  3128 | D:3      | Noticed salammoniac's ghost (amateur DsHu)
  3130 | D:3      | Found a runed translucent gate.
  3130 | D:3      | Found a runed translucent gate.
  3203 | D:3      | Killed Terence
  3536 | D:4      | Reached skill level 1 in Air Magic
  3579 | D:4      | Noticed a phantom
  3588 | D:4      | Killed a phantom
  3589 | D:4      | Reached XP level 6. HP: 49/50 MP: 5/10
  3758 | D:4      | Reached skill level 1 in Poison Magic
  3879 | D:4      | Noticed Robin
  3906 | D:4      | Killed Robin
  4445 | D:4      | Learned a level 2 spell: Cigotuvi's Dreadful Rot
  4893 | D:5      | Entered Level 5 of the Dungeon
  5005 | D:5      | Your scales start taking on a rich purple colour.
  5005 | D:5      | Reached XP level 7. HP: 56/57 MP: 9/12
  5047 | D:5      | Found a shadowy altar of Dithmenos.
  5110 | D:5      | Found Ciqel's Armour Shoppe.
  5389 | D:5      | Found a sand-covered staircase.
  5426 | Ossuary  | Entered an ossuary
  6120 | D:5      | Noticed Sigmund
  6374 | D:5      | Killed Sigmund
  6459 | D:5      | Reached XP level 8. HP: 65/67 MP: 11/14
  6687 | D:6      | Slain by a wight

Illustrated notes

Levels and vault maps discovered:
D:1:      elethiomel_arrival_fortress_basement, layout_basic,
          ebering_ecumenical_altar_mist, serial_shops, shop_statue
D:2:      layout_basic, uniq_natasha
D:3:      layout_rooms, mainiacjoe_overflow_catwalk,
          gammafunk_ghost_nasty_kobolds, uniq_terence
D:4:      minmay_general_purpose_star, layout_cave_pods, uniq_robin
D:5:      layout_basic, grunt_dithmenos_smoke,
          nicolae_ossuary_entry_false_entrances, serial_shops,
          nicolae_shop_tiny_real_fake_doors, hangedman_glass_teeth, uniq_sigmund
D:6:      layout_cave_pools, ebering_ghost_disaster_area, portal_sewer_entry_c,
          serial_demonic, serial_demonic_e, serial_demonic_b, serial_demonic_a,
          serial_demonic_g, minmay_misc_feat_alley, uniq_blork_the_orc,
          uniq_eustachio

Skill      XL: |  1  2  3  4  5  6  7 |
---------------+----------------------+-----
Stealth        | 2 3 |  3.6
Dodging        | 2 3 |  3.4
Fighting       | 1 2 3 4 |  4.5
Transmutations | 2 3 |  3.4
Air Magic      | 1 2 |  2.5
Spellcasting   | 3 4 |  4.4
Poison Magic   | 1 2 |  2.1
Earth Magic    | 4 |  4.5
Maces & Flails | |  0.3

Action                     |  1- 3 |  4- 6 |  7- 9 || total
---------------------------+-------+-------+-------++-------
  Melee: Whip              |    17 |    66 |    48 ||   131
         Tailslap          |       |     6 |    15 ||    21
         Punch             |       |     1 |     2 ||     3
         Mace              |       |       |    21 ||    21
  Throw: Boomerang         |       |    19 |     9 ||    28
         Dart              |       |     8 |     3 ||    11
   Cast: Sandblast         |    41 |    83 |    42 ||   166
         Poisonous Vapours |       |     1 |       ||     1
         Stone Arrow       |       |     3 |       ||     3
Ability: Breathe Dispellin |       |       |     1 ||     1
    Use: Scroll            |     5 |     7 |     3 ||    15
         Potion            |     1 |     1 |     1 ||     3
   Stab: Distracted        |       |       |     3 ||     3
 Armour: Skin              |     6 |    19 |    28 ||    53
  Dodge: Dodged            |    12 |    68 |    60 ||   140
